BR
PUNTA CANA HUTIAS @ GILBERT FIRE FIGHTERS
09/12/2027
 
TOP OF THE 1ST
Punta Cana Hutias batting - Pitching for Gilbert Fire Fighters : RHP Javier Bustamante
Pitching: RHP Javier Bustamante
Batting: RHB Alejandro Ramírez 0-0: Ground out 6-3 (Groundball, 6)
Batting: RHB Ricardo Murillo 0-0: Called Strike
0-1: Called Strike
0-2: Ball
1-2: SINGLE (Groundball, 6) (infield hit)
Batting: LHB Ernesto Meléndez 0-0: Called Strike
0-1: SINGLE (Line Drive, 9S)
Ricardo Murillo to second
Throwing error, E9
Ricardo Murillo scores
Ernesto Meléndez to second
Batting: LHB Juan Rodríguez 0-0: Called Strike
0-1: Foul Ball, location: 2F
0-2: Ball
1-2: SINGLE (Flyball, 89S)
Ernesto Meléndez to third
Runner from 3rd tries for Home, SAFE, no throw
Batting: LHB Justin McCoy 0-0: Ball
1-0: Ball
2-0: Ball
3-0: Called Strike
3-1: SINGLE (Line Drive, 9LS)
Juan Rodríguez to second
Runner from 2nd tries for 3rd, SAFE, throw made to third
Batting: SHB Alonso Contrera 0-0: Swinging Strike
0-1: DOUBLE (Line Drive, 78M)
Juan Rodríguez scores
Justin McCoy to third
Runner from 3rd tries for Home, SAFE, no throw
Batting: RHB Ben Kearley 0-0: Ball
1-0: Ball
2-0: Reached on error, E4 (Groundball, 4)
Alonso Contrera to third
Batting: RHB Millard Ferguson 0-0: Called Strike
0-1: Fly out, F8 (Line Drive, 8RM)
Runner from 3rd tags up, OUT at HOME
Top of the 1st over - 4 run(s), 5 hit(s), 2 error(s), 1 left on base; Punta Cana 4 - Gilbert 0
BOTTOM OF THE 1ST
Gilbert Fire Fighters batting - Pitching for Punta Cana Hutias : RHP Tim Hernández
Pitching: RHP Tim Hernández
Batting: RHB George Medine 0-0: Ball
1-0: Ball
2-0: Ground out 6-3 (Groundball, 6)
Batting: RHB James Richardson 0-0: Called Strike
0-1: Ground out 5-3 (Groundball, 56)
Batting: SHB George Wells 0-0: Swinging Strike
0-1: Ball
1-1: Swinging Strike
1-2: Strikes out looking
Bottom of the 1st over - 0 run(s), 0 hit(s), 0 error(s), 0 left on base; Punta Cana 4 - Gilbert 0
TOP OF THE 2ND
Punta Cana Hutias batting - Pitching for Gilbert Fire Fighters : RHP Javier Bustamante
Batting: SHB Ernesto Moreno 0-0: Foul Ball, location: 2F
0-1: Ball
1-1: Ball
2-1: Swinging Strike
2-2: Ball
3-2: Strikes out looking
Batting: RHB Alejandro Ramírez 0-0: Ball
1-0: SINGLE (Line Drive, 78S)
Batting: RHB Ricardo Murillo 0-0: Called Strike
Alejandro Ramírez steals 2nd base
0-1: Ball
1-1: Ball
Alejandro Ramírez steals 3rd base
2-1: Called Strike
2-2: Ground out 5-3 (Groundball, 56S)
Alejandro Ramírez scores
Batting: LHB Ernesto Meléndez 0-0: Swinging Strike
0-1: Ball
1-1: Ball
2-1: Foul Ball, location: 2F
2-2: Foul Ball, location: 2F
2-2: Ball
3-2: Strikes out looking
Top of the 2nd over - 1 run(s), 1 hit(s), 0 error(s), 0 left on base; Punta Cana 5 - Gilbert 0
BOTTOM OF THE 2ND
Gilbert Fire Fighters batting - Pitching for Punta Cana Hutias : RHP Tim Hernández
Batting: LHB Bill Handy 0-0: Ball
1-0: Ball
2-0: Swinging Strike
2-1: Ball
3-1: Foul Ball, location: 2F
3-2: Fly out, F4 (Popup, 4)
Batting: SHB Javier Bustamante 0-0: Foul Ball, location: 2F
0-1: Ball
1-1: Called Strike
1-2: Foul Ball, location: 2F
1-2: Hit by Pitch
Pinch Runner at 1st Ángel Rodríguez:
Batting: RHB Jorge Álvarez 0-0: Ball
1-0: Foul Ball, location: 2F
1-1: Swinging Strike
1-2: Ball
2-2: Strikes out swinging
Batting: RHB James Jones 0-0: Called Strike
0-1: Fly out, F4 (Popup, 34D)
Bottom of the 2nd over - 0 run(s), 0 hit(s), 0 error(s), 1 left on base; Punta Cana 5 - Gilbert 0
TOP OF THE 3RD
Punta Cana Hutias batting - Pitching for Gilbert Fire Fighters : RHP Javier Bustamante
Now at 3B: Ángel Rodríguez
Batting: LHB Juan Rodríguez 0-0: Called Strike
0-1: Swinging Strike
0-2: Strikes out looking
Batting: LHB Justin McCoy 0-0: Ball
1-0: Foul Ball, location: 2F
1-1: Foul Ball, location: 2F
1-2: SINGLE (Line Drive, 34D)
Batting: SHB Alonso Contrera 0-0: Ground out 4-3 (Groundball, 4S)
Justin McCoy to second
Batting: RHB Ben Kearley 0-0: Ball
1-0: Ball
2-0: Ball
3-0: Base on Balls
Batting: RHB Millard Ferguson 0-0: Swinging Strike
0-1: Ground out U3 (Groundball, 23)
Top of the 3rd over - 0 run(s), 1 hit(s), 0 error(s), 2 left on base; Punta Cana 5 - Gilbert 0
BOTTOM OF THE 3RD
Gilbert Fire Fighters batting - Pitching for Punta Cana Hutias : RHP Tim Hernández
Batting: RHB Carl Curry 0-0: Ball
1-0: Foul Ball, location: 2F
1-1: Ball
2-1: Ground out 6-3 (Groundball, 6)
Batting: RHB Cristián Cauozos 0-0: Ball
1-0: Ball
2-0: Called Strike
2-1: Ball
3-1: DOUBLE (Line Drive, 7LM)
Batting: RHB George Medine 0-0: Foul Ball, location: 2F
0-1: Foul Ball, location: 2F
0-2: Hit by Pitch
Batting: RHB James Richardson 0-0: DOUBLE (Groundball, 5L)
Cristián Cauozos scores
George Medine to third
Batting: SHB George Wells 0-0: Ground out 4-3 (Groundball, 4)
George Medine scores
James Richardson to third
Batting: LHB Bill Handy 0-0: Ball
1-0: Foul Ball, location: 2F
1-1: Ground out U3 (Groundball, 34S)
Bottom of the 3rd over - 2 run(s), 2 hit(s), 0 error(s), 1 left on base; Punta Cana 5 - Gilbert 2
TOP OF THE 4TH
Punta Cana Hutias batting - Pitching for Gilbert Fire Fighters : RHP Javier Bustamante
Batting: SHB Ernesto Moreno 0-0: Ball
1-0: Ball
2-0: Called Strike
2-1: Foul Ball, location: 2F
2-2: Strikes out swinging
Batting: RHB Alejandro Ramírez 0-0: Reached on error, E6 (Groundball, 6)
Batting: RHB Ricardo Murillo 0-0: Ball
1-0: Foul Ball, location: 2F
1-1: Ball
2-1: Foul Ball, location: 2F
2-2: Foul Ball, location: 2F
2-2: Ball
3-2: SINGLE (Line Drive, 89S)
Alejandro Ramírez to second
Batting: LHB Ernesto Meléndez 0-0: Ball
1-0: Ball
2-0: Called Strike
2-1: Fly out, F6 (Line Drive, 6)
Lined into DP, 6-4 (Line Drive, 6)
Top of the 4th over - 0 run(s), 1 hit(s), 1 error(s), 1 left on base; Punta Cana 5 - Gilbert 2
BOTTOM OF THE 4TH
Gilbert Fire Fighters batting - Pitching for Punta Cana Hutias : RHP Tim Hernández
Batting: RHB Ángel Rodríguez 0-0: Swinging Strike
0-1: Foul Ball, location: 2F
0-2: Foul Ball, location: 2F
0-2: Strikes out swinging
Batting: RHB Jorge Álvarez 0-0: Ground out 5-3 (Groundball, 5)
Batting: RHB James Jones 0-0: Called Strike
0-1: Ball
1-1: Ball
2-1: Ball
3-1: Ground out 5-3 (Groundball, 56)
Bottom of the 4th over - 0 run(s), 0 hit(s), 0 error(s), 0 left on base; Punta Cana 5 - Gilbert 2
TOP OF THE 5TH
Punta Cana Hutias batting - Pitching for Gilbert Fire Fighters : RHP Javier Bustamante
Batting: LHB Juan Rodríguez 0-0: Fly out, F4 (Popup, 4D)
Batting: LHB Justin McCoy 0-0: Ground out U3 (Groundball, 3)
Batting: SHB Alonso Contrera 0-0: Called Strike
0-1: Foul Ball, location: 2F
0-2: Reached on error, E4 (Groundball, 4S)
Batting: RHB Ben Kearley 0-0: Swinging Strike
0-1: Ball
1-1: Ball
2-1: Swinging Strike
2-2: Strikes out swinging
Top of the 5th over - 0 run(s), 0 hit(s), 1 error(s), 1 left on base; Punta Cana 5 - Gilbert 2
BOTTOM OF THE 5TH
Gilbert Fire Fighters batting - Pitching for Punta Cana Hutias : RHP Tim Hernández
Batting: RHB Carl Curry 0-0: Ground out 6-3 (Groundball, 56)
Batting: RHB Cristián Cauozos 0-0: Ball
1-0: Foul Ball, location: 2F
1-1: Ball
2-1: Foul Ball, location: 2F
2-2: SINGLE (Groundball, 6MD)
Batting: RHB George Medine 0-0: Ball
Cristián Cauozos steals 2nd base
1-0: Ball
2-0: Ball
3-0: Swinging Strike
3-1: Foul Ball, location: 2F
3-2: Strikes out swinging
Batting: RHB James Richardson 0-0: Ball
1-0: Foul Ball, location: 2F
1-1: Foul Ball, location: 2F
1-2: Ground out 6-3 (Groundball, 6)
Bottom of the 5th over - 0 run(s), 1 hit(s), 0 error(s), 1 left on base; Punta Cana 5 - Gilbert 2
TOP OF THE 6TH
Punta Cana Hutias batting - Pitching for Gilbert Fire Fighters : RHP Javier Bustamante
Batting: RHB Millard Ferguson 0-0: Fly out, F8 (Flyball, 8LM)
Batting: SHB Ernesto Moreno 0-0: Fly out, F8 (Flyball, 8RS)
Batting: RHB Alejandro Ramírez 0-0: Called Strike
0-1: Ball
1-1: Foul Ball, location: 2F
1-2: Foul Ball, location: 2F
1-2: Foul Ball, location: 2F
1-2: Foul Ball, location: 2F
1-2: Strikes out swinging
Top of the 6th over - 0 run(s), 0 hit(s), 0 error(s), 0 left on base; Punta Cana 5 - Gilbert 2
BOTTOM OF THE 6TH
Gilbert Fire Fighters batting - Pitching for Punta Cana Hutias : RHP Tim Hernández
Batting: SHB George Wells 0-0: Ball
1-0: Fly out, F9 (Flyball, 89M)
Batting: LHB Bill Handy 0-0: SINGLE (Line Drive, 6D)
Batting: RHB Ángel Rodríguez 0-0: Called Strike
0-1: Foul Ball, location: 2F
0-2: Ball
1-2: Ball
2-2: Foul Ball, location: 2F
2-2: Strikes out swinging
Bill Handy steals 2nd base
Batter strikes out.
Batting: RHB Jorge Álvarez 0-0: Ball
1-0: Swinging Strike
1-1: Called Strike
1-2: Foul Ball, location: 2F
1-2: SINGLE (Groundball, 6MD)
Bill Handy to third
Runner from 3rd tries for Home, throw and OUT!
Bottom of the 6th over - 0 run(s), 2 hit(s), 0 error(s), 1 left on base; Punta Cana 5 - Gilbert 2
TOP OF THE 7TH
Punta Cana Hutias batting - Pitching for Gilbert Fire Fighters : RHP Javier Bustamante
Batting: RHB Ricardo Murillo 0-0: SINGLE (Line Drive, 6M)
Batting: LHB Ernesto Meléndez 0-0: Called Strike
0-1: Ball
1-1: Fly out, F8 (Flyball, 89M)
Batting: LHB Juan Rodríguez 0-0: SINGLE (Flyball, 7S)
Ricardo Murillo to second
Batting: LHB Justin McCoy 0-0: Swinging Strike
0-1: Ball
1-1: Swinging Strike
1-2: Ball
2-2: Ball
3-2: Base on Balls
Ricardo Murillo to third
Juan Rodríguez to second
Batting: SHB Alonso Contrera 0-0: Ball
1-0: Called Strike
1-1: Foul Ball, location: 2F
1-2: Ball
2-2: Foul Ball, location: 2F
2-2: Foul Ball, location: 2F
2-2: Ball
3-2: Fly out, F8 (Flyball, 8LS)
Runner from 3rd tags up, SCORES, no throw
Batting: RHB Ben Kearley 0-0: 3-RUN HOME RUN (Flyball, 78XD), Distance : 439 ft
Batting: RHB Millard Ferguson 0-0: Swinging Strike
0-1: Foul Ball, location: 2F
0-2: Fly out, F2 (Popup, 13S)
Top of the 7th over - 4 run(s), 3 hit(s), 0 error(s), 0 left on base; Punta Cana 9 - Gilbert 2
BOTTOM OF THE 7TH
Gilbert Fire Fighters batting - Pitching for Punta Cana Hutias : RHP Tim Hernández
Pitching: RHP Greg MacGilroy
Batting: RHB James Jones 0-0: Fly out, F6 (Line Drive, 6M)
Batting: RHB Carl Curry 0-0: Ball
1-0: Ball
2-0: Ball
3-0: Base on Balls
Batting: RHB Cristián Cauozos 0-0: Ball
1-0: Fly out, F7 (Flyball, 78S)
Batting: RHB George Medine 0-0: Called Strike
0-1: Fielders Choice at 2nd, 5-4 (Groundball, 5)
Bottom of the 7th over - 0 run(s), 0 hit(s), 0 error(s), 0 left on base; Punta Cana 9 - Gilbert 2
TOP OF THE 8TH
Punta Cana Hutias batting - Pitching for Gilbert Fire Fighters : RHP Javier Bustamante
Batting: SHB Ernesto Moreno 0-0: Fly out, F7 (Flyball, 7)
Pinch Hitting: RHB Edgardo Vásquez 0-0: Called Strike
0-1: Ground out 6-3 (Groundball, 6)
Batting: RHB Ricardo Murillo 0-0: Foul Ball, location: 2F
0-1: Foul Ball, location: 2F
0-2: Ground out 5-3 (Groundball, 56S)
Top of the 8th over - 0 run(s), 0 hit(s), 0 error(s), 0 left on base; Punta Cana 9 - Gilbert 2
BOTTOM OF THE 8TH
Gilbert Fire Fighters batting - Pitching for Punta Cana Hutias : RHP Greg MacGilroy
Now in CF: Pat Williams
Batting: RHB James Richardson 0-0: Called Strike
0-1: Ball
1-1: Swinging Strike
1-2: Ball
2-2: Strikes out swinging
Batting: SHB George Wells 0-0: Ball
1-0: Ball
2-0: Foul Ball, location: 2F
2-1: Swinging Strike
2-2: Ball
3-2: TRIPLE (Flyball, 9LM)
Batting: LHB Bill Handy 0-0: Ball
1-0: Foul Ball, location: 2F
1-1: Ball
2-1: Fly out, F8 (Flyball, 8RS)
Batting: RHB Ángel Rodríguez 0-0: Called Strike
0-1: Foul Ball, location: 2F
0-2: Ball
1-2: Ground out 4-3 (Groundball, 4S)
Bottom of the 8th over - 0 run(s), 1 hit(s), 0 error(s), 1 left on base; Punta Cana 9 - Gilbert 2
TOP OF THE 9TH
Punta Cana Hutias batting - Pitching for Gilbert Fire Fighters : RHP Javier Bustamante
Batting: LHB Ernesto Meléndez 0-0: Ball
1-0: Called Strike
1-1: Called Strike
1-2: Ball
2-2: Foul Ball, location: 2F
2-2: Ball
3-2: DOUBLE (Line Drive, 9D)
Batting: LHB Juan Rodríguez 0-0: Fly out, F4 (Line Drive, 4)
Batting: LHB Justin McCoy 0-0: Ball
1-0: Ball
2-0: Swinging Strike
2-1: Ball
3-1: Foul Ball, location: 2F
3-2: Base on Balls
Batting: SHB Alonso Contrera 0-0: Swinging Strike
0-1: Ball
1-1: Ball
2-1: Ball
3-1: Swinging Strike
3-2: Base on Balls
Ernesto Meléndez to third
Justin McCoy to second
Batting: RHB Ben Kearley 0-0: Ball
1-0: Ball
2-0: SINGLE (Groundball, 56D)
Ernesto Meléndez scores
Justin McCoy to third
Alonso Contrera to second
Runner from 3rd tries for Home, SAFE, throw made at trailing runner, SAFE at third!
Batting: RHB Millard Ferguson 0-0: Called Strike
0-1: Fly out, F9 (Flyball, 9LS)
Batting: SHB Ernesto Moreno 0-0: Ball
1-0: Ball
2-0: Called Strike
2-1: Swinging Strike
2-2: Strikes out swinging
Top of the 9th over - 2 run(s), 2 hit(s), 0 error(s), 2 left on base; Punta Cana 11 - Gilbert 2
BOTTOM OF THE 9TH
Gilbert Fire Fighters batting - Pitching for Punta Cana Hutias : RHP Greg MacGilroy
Batting: RHB Jorge Álvarez 0-0: Called Strike
0-1: SINGLE (Groundball, 34D)
Batting: RHB James Jones 0-0: Called Strike
0-1: Ball
1-1: Ball
2-1: Ball
3-1: Called Strike
3-2: Strikes out swinging
Batting: RHB Carl Curry 0-0: Called Strike
0-1: Called Strike
0-2: Ball
1-2: Foul Ball, location: 2F
1-2: Ball
2-2: Ball
3-2: Strikes out swinging
Batting: RHB Cristián Cauozos 0-0: Ball
Error on foul ball, E3
1-1: Ball
2-1: Ball
3-1: Base on Balls
Jorge Álvarez to second
Batting: RHB George Medine 0-0: Called Strike
0-1: Swinging Strike
0-2: Ball
1-2: Ball
2-2: Ball
3-2: Ground out 5-3 (Groundball, 56)
Bottom of the 9th over - 0 run(s), 1 hit(s), 1 error(s), 2 left on base; Punta Cana 11 - Gilbert 2
Thursday, March 30th, 2017 - OOTP Baseball 17.12 Build 75